 Dungeon Sprint DCSS version 0.27-a0-29-g2d0a2396b0 (webtiles) character file.

Game seed: 17999326637087782985

4726 mhtbhm the Severer (level 10, 0/90 HPs)
             Began as a Minotaur Fighter on Jan 3, 2021.
             Was a Believer of Okawaru.
             Engulfed by a death drake's foul pestilence (7 damage)
             ... in the Dungeon (Sprint II: "The Violet Keep of Menkaure") on Jan 4, 2021.
             The game lasted 00:06:51 (1686 turns).

mhtbhm the Severer (Minotaur Fighter)               Turns: 1686, Time: 00:06:51

Health: 0/90       AC: 13    Str: 23      XL:     10   Next: 22%
Magic:  12/12      EV: 14    Int:  3 (5)  God:    Okawaru [**....]
Gold:   573        SH: 20    Dex: 15      Spells: 9/9 levels left

rFire    . . .     SeeInvis .   a - +0 war axe
rCold    . . .     Faith    .   c - +1 kite shield
rNeg     . . .     Spirit   .   b - +4 ring mail of the Poles {Dex+4}
rPois    +         Reflect  +   (helmet restricted)
rElec    .         Harm     .   (no cloak)
rCorr    .         Rampage  .   (no gloves)
Will     .....     NoTele   +   (no boots)
Stlth    +.........             p - amulet of reflection
HPRegen  0.25/turn              k - ring of poison resistance
MPRegen  0.13/turn              x - +4 ring of protection

@: lethally poisoned (0 -> -60), slowed, very slow
A: retaliatory headbutt, horns 2, deformed body, deterioration 1, frail 1
a: Renounce Religion, Heroism


You were in the Dungeon.
You worshipped Okawaru.
Okawaru was pleased with you.
You visited 1 branch You collected 1197 gold pieces.
You spent 624 gold pieces at shops.

Inventory:

Hand Weapons
 a - a +0 war axe (weapon)
Missiles
 m - 3 atropa-tipped darts (quivered)
Armour
 b - the +4 ring mail of the Poles (worn) {Dex+4}
   (You bought it in a shop in the Dungeon)

   It affects your dexterity (+4).
 c - a +1 kite shield (worn)
Jewellery
 k - a ring of poison resistance (left hand)
 p - an amulet of reflection (around neck)
 w - an uncursed amulet of the acrobat {unknown}
 x - a +4 ring of protection (right hand)
Scrolls
 d - 2 scrolls of remove curse
 i - a scroll of random uselessness {unknown}
 j - 2 scrolls of blinking
 u - 2 scrolls of immolation
 y - a scroll of enchant weapon {unknown}
 B - a scroll of identify {unknown}
Potions
 g - 2 potions of haste
 h - 5 potions of magic
 l - a potion of mutation {unknown}
 n - a potion of berserk rage
 o - 3 potions of resistance {unknown}
 q - 3 potions of degeneration {unknown}
 s - a potion of cancellation {unknown}
 t - a potion of invisibility {unknown}
 z - a potion of brilliance {unknown}
 A - 3 potions of flight {unknown}


   Skills:
 + Level 13.4 Fighting
 + Level 15.3 Axes
 + Level 12.3 Armour
 + Level 5.2 Dodging
 - Level 0.7 Stealth
 + Level 14.3 Shields
 * Level 4.7 Invocations


You had 9 spell levels left.
You didn't know any spells.
Your spell library was empty.

Dungeon Overview and Level Annotations

Branches:
Dungeon (1/1)

Altars:
Cheibriados
Dithmenos
Elyvilon
Fedhas
Gozag
Hepliaklqana
Kikubaaqudgha
Makhleb
Nemelex Xobeh
Okawaru
Qazlal
Ru
Sif Muna
Trog
Uskayaw
Vehumet
Wu Jian
Xom
Yredelemnul
Zin
The Shining One
Beogh
Jiyva
Lugonu

Shops:
D [::(}=}!?[==![}

Annotations:
D exclusion: oklob plant


Innate Abilities, Weirdness & Mutations

You reflexively headbutt those who attack you in melee.
You have a pair of horns on your head.
Armour fits poorly on your strangely shaped body.
Your body sometimes deteriorates upon taking damage.
You are frail. (-10% HP)


Message History

The death drake is severely wounded.
The death drake breathes miasma at you. The foul vapour engulfs you!
You are poisoned.
* * * LOW HITPOINT WARNING * * *
You block the death drake's attack.
You barely miss the death drake. You headbutt the death drake.
The death drake is severely wounded.
You are engulfed in dark miasma.
You are lethally poisoned!
* * * LOW HITPOINT WARNING * * *
x2 You feel very sick.
The death drake barely misses you. You furiously retaliate!
You headbutt the death drake, but do no damage.
You hit the death drake. Your headbutt misses the death drake.
The death drake is almost dead.
You are engulfed in dark miasma.
You are more poisoned.
You feel as though you will be slow longer.
You die...

#°○.▓§≈≈≈≈≈≈≈▓▓ ++ #:°▓▓▓▓▓▓▓▓▓▓▓
.. .. .#=°▓...(...)▓▓ .. #.
k#))▓[.(.)[.)▓▓ ###.####
+.##.#:)▓().[....▓▓ #..# ...#
...####▓..).(..[▓▓ ..####..##
#.k##°#▓(.(...[.▓▓ '###.##..#
+^.#°°#▓..[[....▓▓ .##.#.#..#
#^^#@k#▓....(.(.▓▓
<.'###'..####..##°#▓.)..([)?▓▓
.##.#.#§...###.^†##▓▓▓▓▓▓▓'▓▓▓▓+▓
'###.##......≈≈≈≈≈≈≈≈≈≈≈≈†...≈≈≈▓
#.####≈≈.§..§§#'########'###.≈≈≈▓
#..#≈≈≈≈≈≈≈..≈#.._._._.#≈≈≈##≈≈≈▓
..##≈≈§≈≈≈≈≈.§#._._._..#§≈§≈####▓
+##≈≈≈§≈≈§§≈≈≈#_._._._.#≈§≈§≈#
≈≈≈≈≈§≈§≈§§≈≈#._._._._#§§§§≈§#


You could see a death drake.

Vanquished Creatures
  A kraken (D)
  A merfolk siren (D)
  A yaktaur (D)
  3 polar bears (D)
  A hornet (D)
  2 wyverns (D)
  A vampire mosquito (D)
  4 neqoxecs (D)
  4 water moccasins (D)
  A swamp drake (D)
  4 necrophages (D)
  4 tentacles (D)
27 creatures vanquished.

Vanquished Creatures (others)
  Menkaure (D)
  A water moccasin (D)
  7 tentacles (D)
9 creatures vanquished.

Grand Total: 36 creatures vanquished

Notes
Turn   | Place    | Note
-------+----------+-------------------------------------------
     0 | D        | mhtbhm the Minotaur Fighter began the quest for the Orb.
     0 | D        | Reached XP level 1. HP: 19/19 MP: 0/0
     1 | D        | Noticed a merfolk siren
    11 | D        | HP: 1/28 [merfolk siren/+0 spear (6)]
    12 | D        | Killed a merfolk siren
    13 | D        | Reached skill level 6 in Axes
    13 | D        | Reached XP level 2. HP: 3/37 MP: 1/1
    13 | D        | Reached XP level 3. HP: 4/42 MP: 2/2
    13 | D        | Reached XP level 4. HP: 5/50 MP: 3/3
    13 | D        | Reached XP level 5. HP: 6/57 MP: 4/4
    13 | D        | Reached XP level 6. HP: 6/63 MP: 5/5
    21 | D        | Killed a water moccasin
   170 | D        | Killed Menkaure
   294 | D        | Noticed a neqoxec
   294 | D        | Noticed a neqoxec
   294 | D        | Noticed a neqoxec
   294 | D        | Noticed a neqoxec
   302 | D        | Killed a neqoxec
   303 | D        | Reached skill level 10 in Fighting
   303 | D        | Reached skill level 7 in Axes
   303 | D        | Reached skill level 10 in Shields
   307 | D        | Killed a neqoxec
   308 | D        | Reached skill level 10 in Armour
   308 | D        | Reached XP level 7. HP: 66/73 MP: 6/6
   309 | D        | Gained mutation: You are frail. (-10% HP) [a neqoxec]
   315 | D        | Killed a neqoxec
   316 | D        | Reached skill level 8 in Axes
   318 | D        | Gained mutation: Your body sometimes deteriorates upon
                  | taking damage. [a neqoxec]
   322 | D        | Gained mutation: Armour fits poorly on your strangely
                  | shaped body. [a neqoxec]
   328 | D        | Killed a neqoxec
   329 | D        | Reached skill level 9 in Axes
   466 | D        | Reached XP level 8. HP: 56/73 MP: 7/7
   471 | D        | Reached skill level 10 in Axes
   473 | D        | Reached skill level 1 in Dodging
   557 | D        | Reached skill level 11 in Axes
   670 | D        | Found Qiufuvvu's Distillery.
   670 | D        | Found Hitzyjui's Gadget Emporium.
   670 | D        | Found Vusulev's Jewellery Shoppe.
   670 | D        | Found Muawnaxt's Antique Armour Shoppe.
   670 | D        | Found Qeniw's Jewellery Emporium.
   671 | D        | Found Pegh's Magic Scroll Shoppe.
   671 | D        | Found Duesil's Distillery.
   671 | D        | Found Quarchuah's Gadget Shoppe.
   672 | D        | Found Xuez's Antique Armour Emporium.
   672 | D        | Found Ishroboirgh's Jewellery Emporium.
   672 | D        | Found Hinav's Gadget Shoppe.
   682 | D        | Found Haeng's Antique Weapon Shoppe.
   682 | D        | Found Enwuedih's Book Emporium.
   682 | D        | Noticed a fire dragon
   682 | D        | Noticed an oklob plant
   915 | D        | Found Uczuc's Antique Armour Shoppe.
   915 | D        | Found Ocy Ronn's Book Shoppe.
   920 | D        | Noticed a hell hog
   920 | D        | Noticed a hell hog
   977 | D        | Bought a crude ring mail for 171 gold pieces
   982 | D        | Identified the +4 ring mail of the Poles {Dex+4} (You
                  | bought it in a shop in the Dungeon)
   994 | D        | Bought an uncursed ring of poison resistance for 200 gold
                  | pieces
  1015 | D        | Bought a potion of heal wounds for 55 gold pieces
  1015 | D        | Bought a potion of curing for 33 gold pieces
  1015 | D        | Bought a potion of heal wounds for 55 gold pieces
  1015 | D        | Bought a potion of haste for 110 gold pieces
  1041 | D        | Found a roughly hewn altar of Beogh.
  1042 | D        | Found a hazy altar of Hepliaklqana.
  1042 | D        | Found a snail-covered altar of Cheibriados.
  1043 | D        | Found a stormy altar of Qazlal.
  1043 | D        | Found a viscous altar of Jiyva.
  1043 | D        | Found a shadowy altar of Dithmenos.
  1044 | D        | Found a sacrificial altar of Ru.
  1044 | D        | Found an ancient bone altar of Kikubaaqudgha.
  1044 | D        | Found a white marble altar of Elyvilon.
  1045 | D        | Found an ornate altar of the Wu Jian Council.
  1045 | D        | Found a shimmering blue altar of Sif Muna.
  1045 | D        | Found a corrupted altar of Lugonu.
  1046 | D        | Found a shimmering altar of Xom.
  1046 | D        | Found a bloodstained altar of Trog.
  1046 | D        | Found a burning altar of Makhleb.
  1047 | D        | Found a glowing golden altar of the Shining One.
  1047 | D        | Found a basalt altar of Yredelemnul.
  1047 | D        | Found a hide-covered altar of Uskayaw.
  1048 | D        | Found a glowing silver altar of Zin.
  1049 | D        | Noticed a yaktaur
  1049 | D        | Noticed a hornet
  1049 | D        | Noticed a polar bear
  1049 | D        | Noticed a polar bear
  1056 | D        | Killed a polar bear
  1057 | D        | Reached skill level 12 in Axes
  1058 | D        | Noticed a polar bear
  1059 | D        | Killed a polar bear
  1060 | D        | Reached XP level 9. HP: 53/81 MP: 8/8
  1064 | D        | Reached skill level 13 in Axes
  1066 | D        | Killed a polar bear
  1069 | D        | Killed a yaktaur
  1079 | D        | Found a radiant altar of Vehumet.
  1081 | D        | Found a blossoming altar of Fedhas.
  1081 | D        | Found a sparkling altar of Nemelex Xobeh.
  1082 | D        | Found an opulent altar of Gozag.
  1082 | D        | Found an iron altar of Okawaru.
  1092 | D        | Became a worshipper of Warmaster Okawaru
  1212 | D        | Noticed a kraken
  1368 | D        | Killed a kraken
  1368 | D        | Reached * piety under Okawaru
  1368 | D        | Reached ** piety under Okawaru
  1369 | D        | Reached skill level 15 in Axes
  1369 | D        | Reached skill level 5 in Dodging
  1369 | D        | Reached XP level 10. HP: 39/90 MP: 8/12
  1646 | D        | Noticed a death drake
  1678 | D        | HP: 4/90 [death drake] (11)]
  1686 | D        | Engulfed by a death drake's foul pestilence

Illustrated notes

Levels and vault maps discovered:
D:        the_violet_keep_of_menkaure [sprint2_stairs_cluster_1,
          sprint2_shoproom, sprint2_temple, sprint2_basic_supplies,
          sprint2_obstacle_6, sprint2_obstacle_4, sprint2_obstacle_2,
          sprint2_obstacle_3, sprint2_obstacle_5, sprint2_timed_cluster_1,
          sprint2_smallroom_cluster_1, sprint2_smallroom_final_cluster_1,
          sprint2_transparent_cluster_1, sprint2_second_timed_cluster_1,
          sprint2_sniper_area_1, sprint2_heavy_combat_area_1,
          sprint2_mutation_trap_area_1, sprint2_forest_area_1,
          sprint2_light_combat_area_1, sprint2_behind_water_1,
          sprint2_near_end_vault_1]

Skill      XL: |  1  2  3  4  5  6  7  8  9 |
---------------+----------------------------+-----
Fighting       | 9 10 11 12 13 | 13.4
Axes           | 6 7 9 12 15 | 15.3
Armour         | 9 10 11 12 | 12.3
Shields        | 9 10 11 12 14 | 14.3
Dodging        | 2 5 |  5.2
Invocations    | 4 |  4.7
Stealth        | |  0.7

Action                   |  1- 3 |  4- 6 |  7- 9 | 10-12 || total
-------------------------+-------+-------+-------+-------++-------
Melee: War axe           |     8 |    13 |   111 |    45 ||   177
       Headbutt          |       |     3 |    27 |    12 ||    42
Invok: Heroism           |       |       |       |     1 ||     1
  Use: Potion            |     1 |       |     2 |     5 ||     8
       Scroll            |       |       |     4 |       ||     4
Armor: Scale mail        |       |     2 |    13 |       ||    15
       Ring mail         |       |       |    14 |     6 ||    20
Dodge: Dodged            |     2 |     3 |    26 |    21 ||    52
Block: Kite shield       |     2 |     4 |    77 |    45 ||   128

Table legend: (Time is in decaauts)
 A = Elapsed time spent in this place.
 B = Non-inter-level travel time spent in this place.
 C = Inter-level travel time spent in this place.
 D = Time resting spent in this place.
 E = Time spent auto-exploring this place.
 F = Levels seen in this place.
 G = Mean time per level.
                   A        B        C        D        E       F      G
               +--------+--------+--------+--------+--------+-----+--------+
         Total |   1729 |   1729 |      0 |   1079 |      0 |   1 | 1729.0 |
       Dungeon |   1729 |   1729 |      0 |   1079 |      0 |   1 | 1729.0 |
               +--------+--------+--------+--------+--------+-----+--------+

Top non-repeatable levels by time:
       D: 1729 daAuts
